 Dungeon Crawl Stone Soup version 0.25.1-2-g60ff931df9 (webtiles) character file.

Game seed: 17504426012012725157

5217 lorenzova the Thaumaturge (level 10, -8/50 HPs)
             Began as a Deep Elf Conjurer on Oct 6, 2020.
             Was a Believer of Vehumet.
             Mangled by a killer bee (11 damage)
             ... on level 8 of the Dungeon.
             The game lasted 00:18:26 (11476 turns).

lorenzova the Thaumaturge (Deep Elf Conjurer)      Turns: 11476, Time: 00:18:27

Health: -8/50      AC:  4    Str:  5    XL:     10   Next: 35%
Magic:  13/28      EV: 13    Int: 24    God:    Vehumet [**....]
Gold:   600        SH:  0    Dex: 15    Spells: 22/33 levels left

rFire    . . .     SeeInvis +   q - staff of wizardry
rCold    . . .     Gourm    .   (no shield)
rNeg     . . .     Faith    .   a - +0 robe
rPois    .         Spirit   .   F - +0 helmet
rElec    .         Reflect  .   z - +0 cloak
rCorr    .         Harm     .   (no gloves)
MR       +....                  (no boots)
Stlth    ++........             (no amulet)
HPRegen  0.16/turn              B - ring of see invisible
MPRegen  0.21/turn              (no ring)

@: lethally poisoned (-8 -> -21)
A: no striking features
a: Renounce Religion


You were on level 8 of the Dungeon.
You worshipped Vehumet.
Vehumet was pleased with you.
You were not hungry.

You visited 2 branches of the dungeon, and saw 10 of its levels.

You collected 600 gold pieces.

Inventory:

Armour
 a - a +0 robe (worn)
 z - a +0 cloak (worn)
 F - a +0 helmet (worn)
Magical Staves
 q - an uncursed staff of wizardry (weapon)
 G - an uncursed staff of fire
Jewellery
 B - a ring of see invisible (left hand)
 E - an uncursed ring of fire
Wands
 j - a wand of disintegration (31)
 w - a wand of paralysis (10)
 x - a wand of flame (38)
 A - a wand of enslavement (11)
Scrolls
 d - 2 scrolls of identify
 g - 3 scrolls of magic mapping
 h - 4 scrolls of amnesia
 i - 5 scrolls of teleportation {unknown}
 m - 4 scrolls of remove curse
 o - 2 scrolls of immolation {unknown}
 p - 3 scrolls of blinking
 r - 3 scrolls of enchant weapon {unknown}
 v - a scroll of random uselessness {unknown}
 y - a scroll of enchant armour {unknown}
 C - a scroll of fear {unknown}
Potions
 b - 3 potions of lignification
 e - 4 potions of curing
 f - 3 potions of stabbing
 k - a potion of magic {unknown}
 l - a potion of might {unknown}
 n - 3 potions of heal wounds
 s - a potion of flight {unknown}
 t - 4 potions of haste {unknown}
 u - 2 potions of brilliance {unknown}
 D - a potion of mutation {unknown}
Comestibles
 c - 9 rations


   Skills:
 - Level 2.4 Dodging
 - Level 2.4 Stealth
 * Level 12.1 Spellcasting
 * Level 10.9 Conjurations
 + Level 7.7 Hexes
 - Level 6.0 Translocations


You had 22 spell levels left.
You knew the following spells:

 Your Spells              Type           Power        Failure   Level  Hunger
a - Magic Dart            Conj           ####         1%          1    None
b - Searing Ray           Conj           ######       1%          2    None
c - Iskenderun's Mystic   Conj/Tloc      ######..     1%          4    None
d - Fulminant Prism       Conj/Hex       ######....   1%          4    None

Your spell library contained the following spells:

 Spells                   Type           Power        Failure   Level  Hunger
 Static Discharge         Conj/Air       #####...     1%          3    None
 Animate Skeleton         Necr           N/A          1%          1    None
 Apportation              Tloc           #####.       1%          1    None
 Corona                   Hex            ######.      1%          1    None
 Summon Small Mammal      Summ           ##..         1%          1    None
 Dazzling Flash           Conj/Hex       ######       1%          3    None
 Bolt of Magma            Conj/Fire/Erth ####......   11%         5    ###....
 Lee's Rapid Deconstruct  Erth           ##........   41%         5    ###....
 Shatter                  Erth           ##........   100%        9    #######


Dungeon Overview and Level Annotations

Branches:
Dungeon (9/15)             Temple (1/1) D:6
   Lair: D:8-11         Orc: D:9-12

Altars:
Ashenzari
Cheibriados
Dithmenos
Elyvilon
Gozag
Hepliaklqana
Makhleb
Nemelex Xobeh
Okawaru
Qazlal
Ru
Trog
Vehumet
Wu Jian
Xom
Zin
The Shining One

Shops:
D:6 :   D:7 [

Annotations:
D:9 1 runed translucent door, ma3's ghost, novice DEFE


Message History

Aim: a queen bee (moderately wounded)
The searing ray hits the queen bee!
The queen bee is heavily wounded. (Press . to maintain the ray.)
The killer bee closely misses you. The queen bee closely misses you.
The killer bee barely misses you.
The searing ray hits the queen bee!
The queen bee is severely wounded.
The killer bee barely misses you. The killer bee stings you!
The queen bee barely misses you. The killer bee stings you.
* * * LOW HITPOINT WARNING * * *
The searing ray hits the queen bee!
The queen bee is almost dead.
The killer bee stings you!
* * * LOW HITPOINT WARNING * * *
The killer bee misses you. The queen bee stings you.
* * * LOW HITPOINT WARNING * * *
You are lethally poisoned!
The queen bee poisons you! The killer bee stings you!
You die...

.. ♣≈♣♣..###..####...#
.. ♣§P.>.....).†.÷...
P♣..PP..####..####<###
♣♣.P..♣♣. ###.#.#.##
.†.. .. #........#
♣.♣♣♣#####.#.#.#.##
♣.......)........#
♣♣.y.y####.#.#.#.##
P..♣♣P.P@## #(...<...#
♣...)...# ###.#.#.##
##♣....## #.##.##
#..#### #.# .# ### #.#
.# #. .# .# ..


You could see a queen bee and a killer bee (berserk).

Vanquished Creatures
  A troll (D:9)
  3 yaks (D:9)
  3 porcupines (D:8)
  A water moccasin (D:8)
  2 sky beasts
  An orc warrior (D:7)
  2 ice beasts (D:8)
  An eye of draining (D:9)
  2 phantoms (D:6)
  4 ogres
  3 centaurs
  A necrophage (D:7)
  6 bullfrogs
  2 scorpions (D:5)
  A wyvern skeleton (D:9)
  13 killer bees
  3 wights
  3 howler monkeys (D:9)
  8 crimson imps
  2 orc priests (D:7)
  A bullfrog zombie (D:8)
  5 hounds
  A centaur skeleton (D:9)
  2 gnoll shamans
  8 orc wizards
  3 iguanas
  4 worker ants
  A killer bee zombie (D:4)
  4 hound skeletons
  A worker ant zombie (D:9)
  10 gnolls
  11 adders
  A howler monkey skeleton (D:4)
  2 shadow imps
  3 oozes
  2 adder skeletons (D:5)
  A worm (D:2)
  2 dart slugs
  5 leopard geckos
  19 orcs
  A ball python (D:1)
  7 bats
  9 giant cockroaches
  12 goblins
  11 hobgoblins
  21 jackals
  5 kobolds
  4 quokkas
  5 frilled lizards
  A quokka skeleton (D:7)
  5 rats
  2 plants (D:8)
231 creatures vanquished.

Vanquished Creatures (others)
  12 fulminant prisms
  9 plants (D:8)
21 creatures vanquished.

Grand Total: 252 creatures vanquished

Notes
Turn   | Place    | Note
-------+----------+-------------------------------------------
     0 | D:1      | lorenzova the Deep Elf Conjurer began the quest for the
                  | Orb.
     0 | D:1      | Reached XP level 1. HP: 10/10 MP: 6/6
   464 | D:1      | Reached XP level 2. HP: 15/15 MP: 4/8
   512 | D:1      | Learned a level 2 spell: Searing Ray
   904 | D:1      | Reached skill level 4 in Spellcasting
  1094 | D:1      | Reached skill level 5 in Conjurations
  1094 | D:1      | Reached XP level 3. HP: 19/19 MP: 5/10
  1932 | D:2      | Found an iron altar of Okawaru.
  1957 | D:2      | Reached XP level 4. HP: 24/24 MP: 8/12
  2211 | D:2      | Reached skill level 5 in Spellcasting
  2763 | D:3      | Reached XP level 5. HP: 28/28 MP: 9/15
  3079 | D:3      | Found a bloodstained altar of Trog.
  3299 | D:3      | Learned a level 4 spell: Iskenderun's Mystic Blast
  3304 | D:3      | Learned a level 4 spell: Fulminant Prism
  3661 | D:4      | Noticed an ogre
  3667 | D:4      | Killed an ogre
  3667 | D:4      | Reached skill level 6 in Spellcasting
  3667 | D:4      | Reached skill level 1 in Hexes
  3667 | D:4      | Reached skill level 1 in Translocations
  3667 | D:4      | Reached XP level 6. HP: 32/32 MP: 11/17
  4196 | D:5      | Entered Level 5 of the Dungeon
  4397 | D:5      | Noticed a sky beast
  4403 | D:5      | Killed a sky beast
  4526 | D:5      | Reached skill level 7 in Spellcasting
  4526 | D:5      | Reached XP level 7. HP: 36/36 MP: 13/19
  4859 | D:5      | Found a glowing silver altar of Zin.
  4860 | D:5      | Found an opulent altar of Gozag.
  5705 | D:6      | Found a staircase to the Ecumenical Temple.
  5714 | Temple   | Entered the Ecumenical Temple
  5771 | Temple   | Became a worshipper of Vehumet
  5998 | D:6      | Reached skill level 8 in Spellcasting
  6152 | D:6      | Reached XP level 8. HP: 41/41 MP: 15/22
  6459 | D:6      | You fall into a shaft and drop 2 floors!
  6983 | D:7      | Found Nucluduh's Antique Armour Shoppe.
  7045 | D:6      | Reached * piety under Vehumet
  7045 | D:6      | Offered knowledge of Sandblast by Vehumet.
  7045 | D:6      | Reached skill level 9 in Spellcasting
  7108 | D:6      | Found Lan Topt's Book Shop.
  7153 | D:6      | Identified the Collected Works on the Compass and the
                  | Mountains
  7500 | D:7      | Reached skill level 5 in Hexes
  7692 | D:7      | Found a shattered altar of Ashenzari.
  7891 | D:7      | Reached XP level 9. HP: 45/45 MP: 19/24
  8226 | D:7      | Offered knowledge of Shock by Vehumet.
  8264 | D:7      | Reached skill level 10 in Spellcasting
  8460 | D:7      | Reached ** piety under Vehumet
  8609 | D:8      | Found a shattered altar of Ashenzari.
  8609 | D:8      | Found a white marble altar of Elyvilon.
  8715 | D:8      | Found a snail-covered altar of Cheibriados.
  9026 | D:8      | Noticed a queen bee
  9047 | D:9      | Reached skill level 5 in Translocations
  9403 | D:9      | Noticed a troll
  9411 | D:9      | Killed a troll
  9603 | D:9      | Found a runed translucent door.
  9605 | D:9      | Noticed ma3's ghost (novice DEFE)
  9679 | D:9      | Reached skill level 10 in Conjurations
  9735 | D:9      | Found a sacrificial altar of Ru.
  9744 | D:9      | Reached skill level 11 in Spellcasting
 10387 | D:9      | Reached XP level 10. HP: 49/50 MP: 23/27
 10498 | D:9      | Found a bloodstained altar of Trog.
 10660 | D:8      | Offered knowledge of Static Discharge by Vehumet.
 11360 | D:8      | Reached skill level 12 in Spellcasting
 11476 | D:8      | Mangled by a killer bee

Illustrated notes

Levels and vault maps discovered:
D:1:      grunt_arrival_lava_bath, layout_loops_corners, serial_forest,
          infiniplex_forest_lined_room_, infiniplex_forest_straight_2,
          infiniplex_forest_straight_2, infiniplex_forest_zigzag_1,
          infiniplex_forest_fountain, minmay_misc_feat_cross
D:2:      layout_basic, lemuel_altar_in_water
D:3:      layout_loops_ring, nicolae_overflow_hidden_temple
D:4:      layout_loops_ring, serial_glass, glass_columns_a, glass_columns_a,
          glass_columns_b
D:5:      layout_cave_pods, grunt_temple_overflow_gold_and_silver, first_ration
D:6:      layout_basic, minmay_temple_entry_statues_fountains, serial_shops,
          kennysheep_mini
D:7:      layout_basic, serial_shops, nicolae_shop_trees,
          nicolae_ashenzari_panopticon
D:8:      wad_woods_stonehenge, layout_loops_ring,
          chequers_temple_overflow_statue_of_worship, old_standard_altar,
          serial_shops, shop, david_nohive_1, st_stairs_8
D:9:      layout_rooms, nicolae_ru_awakened_eye, ebering_ghost_reflecting_pool,
          trog_eyes_of_draining
Temple:   jpeg_temple_alley_garden

Skill      XL: |  1  2  3  4  5  6  7  8  9 10 |
---------------+-------------------------------+-----
Spellcasting   | 4 5 6 7 8 9 11 12 | 12.1
Conjurations   | 5 6 7 9 10 | 10.9
Hexes          | 1 2 3 5 7 |  7.7
Translocations | 1 2 3 4 5 6 |  6.0
Dodging        | |  2.4
Stealth        | |  2.4

Action                   |  1- 3 |  4- 6 |  7- 9 | 10-12 || total
-------------------------+-------+-------+-------+-------++-------
Melee: Unarmed           |     6 |       |       |       ||     6
       Staff             |       |       |     3 |     5 ||     8
 Cast: Magic Dart        |    89 |   111 |   184 |    30 ||   414
       Searing Ray       |       |     9 |    53 |    17 ||    79
       Fulminant Prism   |       |       |     7 |     5 ||    12
       Iskenderun's Myst |       |       |     5 |     4 ||     9
  Use: Scroll            |       |     7 |     2 |     1 ||    10
       Potion            |       |       |     1 |       ||     1
  Eat: Chunk             |     3 |     8 |    17 |     1 ||    29
       Ration            |       |       |       |     1 ||     1
Armor: Robe              |     2 |     5 |     5 |     2 ||    14
Dodge: Dodged            |    10 |    18 |    48 |    20 ||    96
